 Dungeon Crawl Stone Soup version 0.29.1-2-gbd0b4ee654 (webtiles) character file.

Game seed: 5816789470723415322

154 safid the Shooter (level 5, -6/47 HPs)
             Began as a Minotaur Hunter on Nov 4, 2022.
             Killed by nerve-wracking pain
             ... invoked by Grinder
              (12 damage)
             ... while paralysed by Grinder
             ... on level 3 of the Dungeon.
             The game lasted 00:02:15 (1613 turns).

safid the Shooter (Minotaur Hunter)                 Turns: 1613, Time: 00:02:15

Health: -6/47      AC:  3    Str: 15    XL:     5   Next: 13%
Magic:  4/4        EV:  2    Int:  6    God:
Gold:   71         SH:  0    Dex: 16    Spells: 4/4 levels left

rFire   . . .      SeeInvis .   a - +0 shortbow
rCold   . . .      Faith    .   (shield currently unavailable)
rNeg    . . .      Spirit   .   c - +0 leather armour
rPois   .          Reflect  .   h - +0 hat
rElec   .          Harm     .   (no cloak)
rCorr   .          Rampage  .   (no gloves)
Will    .....                   (no boots)
Stlth   +.........              (no amulet)
HPRegen 0.15/turn               q - ring of flight
MPRegen 0.09/turn               (no ring)

@: paralysed, flying
A: horns 2, retaliatory headbutt
a: no special abilities


You were on level 3 of the Dungeon.
You visited 1 branch of the dungeon, and saw 3 of its levels.

You collected 71 gold pieces.

Inventory:

Hand Weapons
 a - a +0 shortbow (weapon)
Armour
 c - a +0 leather armour (worn)
 h - a +0 hat (worn)
Jewellery
 q - a ring of flight (left hand)
Scrolls
 b - a scroll of immolation
 d - a scroll of summoning {unknown}
 f - 2 scrolls of blinking {unknown}
 g - a scroll of poison {unknown}
 i - 2 scrolls of identify {unknown}
 j - 2 scrolls of teleportation {unknown}
 l - 3 scrolls of torment {unknown}
 m - a scroll of brand weapon {unknown}
 o - a scroll of fear {unknown}
 p - a scroll of silence {unknown}
Potions
 e - 3 potions of curing
 k - a potion of ambrosia {unknown}
 n - a potion of berserk rage {unknown}
 r - a potion of heal wounds {unknown}
 s - a potion of degeneration {unknown}


   Skills:
 + Level 4.9 Fighting
 + Level 5.9 Ranged Weapons
 - Level 2.1 Dodging
 - Level 0.7 Stealth


You had 4 spell levels left.
You didn't know any spells.
Your spell library contained the following spells:

 Spells                   Type           Power      Damage    Failure   Level
 Slow                     Hex            0%         N/A       52%         1
 Ensorcelled Hibernation  Hex/Ice        0%         N/A       67%         2
 Lightning Bolt           Conj/Air       0%         1d11      100%        5
 Summon Mana Viper        Hex/Summ       0%         N/A       100%        5
 Orb of Destruction       Conj           0%         9d5       100%        7


Dungeon Overview and Level Annotations

Branches:
Dungeon (3/15)

Altars:

Annotations:
D:3 Grinder


Innate Abilities, Weirdness & Mutations

You have a pair of horns on your head.
You reflexively headbutt those who attack you in melee.


Message History

Unknown command.
Fire: a) +0 shortbow
Press: ? - help, Q - select action Shift-Dir - straight line, f - Grinder
Aim: Grinder, carrying a wand of flame (10) (61% to hit)
You shoot an arrow. The arrow hits Grinder!
Grinder is moderately wounded.
Grinder gestures at you.
You barely resist.
It was a potion of curing.
You feel better.
Fire: a) +0 shortbow
Press: ? - help, Q - select action Shift-Dir - straight line, f/p - Grinder
Aim: Grinder, carrying a wand of flame (10) (moderately wounded, 61% to hit)
You shoot an arrow. The arrow hits Grinder.
Grinder is moderately wounded.
Grinder gestures at you. You resist with significant effort.
Fire: a) +0 shortbow
Press: ? - help, Q - select action Shift-Dir - straight line, f/p - Grinder
Aim: Grinder, carrying a wand of flame (10) (moderately wounded, 61% to hit)
You shoot an arrow. The arrow closely misses Grinder.
Grinder zaps a wand.
The puff of flame hits you.
* * * LOW HITPOINT WARNING * * *
Fire: a) +0 shortbow
Press: ? - help, Q - select action Shift-Dir - straight line, f/p - Grinder
Aim: Grinder, carrying a wand of flame (9) (moderately wounded, 61% to hit)
You shoot an arrow.
The arrow hits Grinder but does no damage.
Grinder is moderately wounded.
Grinder gestures at you.
You barely resist.
Fire: a) +0 shortbow
Press: ? - help, Q - select action Shift-Dir - straight line, f/p - Grinder
Aim: Grinder, carrying a wand of flame (9) (moderately wounded, 61% to hit)
You shoot an arrow. The arrow hits Grinder.
Grinder is moderately wounded.
Grinder gestures at you.
You suddenly lose the ability to move!
Grinder gestures at you. Pain shoots through your body!
You die...

#.....#.......#
##.#.##.#######
#.#.##.#
#.#.##.#
#.#.##.#
#.#.##.#
#.#.##.#
#.#.##.#
###....
#@#....#
......ยง
#.####.#
....... #5# ###
...!... #.#
..... #.# . ...
#.#
....##.####.#
............#
##.###.######


You could see Grinder.

Vanquished Creatures
  A scorpion (D:3)
  Jessica (D:2)
  2 adders (D:2)
  2 dart slugs
  6 bats
  6 endoplasms
  3 giant cockroaches
  6 goblins
  2 hobgoblins
  5 jackals (D:1)
  2 kobolds
  A quokka (D:1)
  5 ball pythons
  4 frilled lizards
  6 rats
52 creatures vanquished.

Notes
Turn   | Place    | Note
-------+----------+-------------------------------------------
     0 | D:1      | safid the Minotaur Hunter began the quest for the Orb.
     0 | D:1      | Reached XP level 1. HP: 18/18 MP: 0/0
   114 | D:1      | Reached XP level 2. HP: 25/25 MP: 1/1
   588 | D:1      | Reached skill level 5 in Ranged Weapons
   588 | D:1      | Reached XP level 3. HP: 31/31 MP: 2/2
  1048 | D:2      | Got the Folio of the Hindering Barrage
  1296 | D:2      | Noticed Jessica
  1300 | D:2      | Killed Jessica
  1301 | D:2      | Reached XP level 4. HP: 39/40 MP: 3/3
  1586 | D:3      | Noticed Grinder
  1586 | D:3      | Noticed a scorpion
  1589 | D:3      | Paralysed by Grinder for 5 turns
  1597 | D:3      | Killed a scorpion
  1598 | D:3      | Reached XP level 5. HP: 11/47 MP: 4/4
  1612 | D:3      | Paralysed by Grinder for 5 turns
  1613 | D:3      | Killed from afar by Grinder

Illustrated notes

Levels and vault maps discovered:
D:1:      minmay_arrival_semitransparent, layout_loops_ring
D:2:      layout_basic, minmay_distorted, uniq_jessica
D:3:      layout_basic, bh_walls_and_bars, uniq_grinder

Skill      XL: |  1  2  3 |
---------------+----------+-----
Fighting       | 3 4 |  4.9
Ranged Weapons | 5 |  5.9
Dodging        | |  2.1
Stealth        | |  0.7

Action                   |  1- 3 |  4- 6 || total
-------------------------+-------+-------++-------
 Fire: Shortbow          |   105 |    28 ||   133
  Use: Potion            |       |     1 ||     1
Armor: Leather armour    |     7 |     3 ||    10
Dodge: Dodged            |    26 |     6 ||    32
